 Dungeon Crawl Stone Soup version 0.31.0-11-ge490571c62 (webtiles) character file.

Game seed: 7506218748510810054

111 qw the Ducker (level 4, -4/22 HPs)
             Began as a Spriggan Hunter on Feb 4, 2024.
             Killed by divine providence
             ... invoked by an orc priest
              (14 damage)
             ... on level 3 of the Dungeon.
             The game lasted 00:00:05 (1191 turns).

qw the Ducker (Spriggan Hunter)                     Turns: 1191, Time: 00:00:06

Health: -4/22      AC:  2    Str:  7    XL:     4   Next: 62%
Magic:  5/5        EV: 20    Int: 10    God:
Gold:   172        SH:  0    Dex: 20    Spells: 3/3 levels left

rFire   . . .        a - +0 shortbow
rCold   . . .        (shield currently unavailable)
rNeg    . . .        c - +0 robe
rPois   .            (helmet restricted)
rElec   .            (no cloak)
rCorr   .            (gloves unavailable)
SInv    +            (boots unavailable)
Will    +....        e - amulet of regeneration
Stlth   ++           d - ring of willpower
HPRegen 1.03/turn    (no ring)
MPRegen 0.09/turn

%: no passive effects
@: very quick
A: very small, no large weapons, unfitting armour, see invisible, speed 3
a: no special abilities


You were on level 3 of the Dungeon.
You visited 1 branch of the dungeon, and saw 3 of its levels.

You collected 172 gold pieces.


Innate Abilities, Weirdness & Mutations

You are very small and have problems with some larger weapons.
You are too small for most types of armour.
You have supernaturally acute eyesight. (SInv)
You cover ground extremely quickly. (Speed+++)


   Skills:
 + Level 1.5 Fighting
 - Level 5.0 Ranged Weapons
 - Level 5.2 Dodging
 - Level 1.5 Stealth


You had 3 spell levels left.
You didn't know any spells.
Your spell library was empty.

Inventory:

Hand Weapons
 a - a +0 shortbow (weapon)
Armour
 c - a +0 robe (worn)
Jewellery
 d - a ring of willpower (left hand)
 e - an amulet of regeneration (around neck)
 f - a ring of fire
Scrolls
 j - 2 scrolls of identify {unknown}
Potions
 b - a potion of curing {unknown}
 g - a potion of might {unknown}
 h - a potion of ambrosia {unknown}
 i - a potion of heal wounds {unknown}

Dungeon Overview and Level Annotations

Branches:
Dungeon (3/15)

Altars:


Message History

A ball python comes into view.
The orc priest looks encouraged for a moment.
You shoot an arrow. The arrow hits the orc!
You kill the orc!
You shoot an arrow. The arrow hits the orc wizard.
The orc wizard is moderately wounded.
You shoot an arrow.
The arrow completely misses the ball python.
The ball python bites you. The ball python completely misses you.
The ball python closely misses you. The ball python grabs you.
The ball python constricts you.
You shoot an arrow.
The arrow barely misses the ball python.
A bat comes into view.
The ball python misses you. The ball python constricts you.
You shoot an arrow. The arrow hits the ball python.
The ball python is moderately wounded.
The ball python closely misses you. The ball python constricts you.
The orc priest calls down the wrath of Beogh upon you.
Beogh smites you!
Ouch! That really hurt!
You shoot an arrow. The arrow hits the ball python!
You kill the ball python!
The bat completely misses you.
You shoot an arrow. The arrow barely misses the orc wizard.
The bat closely misses you. The orc wizard barely misses you.
You shoot an arrow. The arrow misses the orc wizard.
The bat misses you. The orc wizard casts a spell at you.
The puff of flame misses you. The bat completely misses you.
You shoot an arrow. The arrow hits the orc wizard!
You kill the orc wizard!
The bat misses you. x2
Your Dodging skill increases to level 5!
You shoot an arrow. The arrow hits the bat!
You kill the bat!
The orc priest calls down the wrath of Beogh upon you.
Beogh smites you!
Ouch! That really hurt!
You die...

###### .\.... #. ....
..._## ##.#. ... .}...##
.... ..# ## ......##
..(##.. ...
.......#####<.....##....
...................).#..
.....)....(...##.))o....
.......).....# #@#
......#.....####)#
........).^###...#
..%......#..#..###
......##......####.
.....######...##..
.....# #.#....# .....#
#.#....%. ....#
#.....###


You could see an orc priest.

Vanquished Creatures
  An orc wizard (D:3)
  3 adders
  2 dart slugs
  2 orcs (D:3)
  6 endoplasms
  2 giant cockroaches (D:1)
  3 goblins
  A hobgoblin (D:2)
  3 quokkas
  3 ball pythons
  8 bats
  5 frilled lizards
  10 kobolds
  4 rats
53 creatures vanquished.

Notes
Turn   | Place    | Note
-------+----------+-------------------------------------------
     0 | D:1      | qw the Spriggan Hunter began the quest for the Orb.
     0 | D:1      | Reached XP level 1. HP: 10/10 MP: 2/2
     0 | D:1      | 0 ||| qw: Version: 0.3-a-160-g6735b56
     0 | D:1      | 0 ||| qw: Game counter: 5374
     0 | D:1      | 0 ||| qw: Melee chars always use a shield: true
     0 | D:1      | 0 ||| qw: God list: Okawaru
     0 | D:1      | 0 ||| qw: Allow faded altars: false
     0 | D:1      | 0 ||| qw: Do Orc after clearing Dungeon:15 true
     0 | D:1      | 0 ||| qw: Do second Lair branch before Depths: true
     0 | D:1      | 0 ||| qw: Lair rune preference: random
     0 | D:1      | 0 ||| qw: Goals: Normal
     0 | D:1      | 0 ||| PLANNING D:1-11
    65 | D:1      | Reached skill level 3 in Dodging
   162 | D:1      | Reached XP level 2. HP: 13/14 MP: 3/3
   408 | D:1      | 408 ||| UPGRADING to amulet of regeneration.
   413 | D:1      | 413 ||| READING scroll labelled TESAHO ELUINK.
   413 | D:1      | 413 ||| ENCHANTING +0 shortbow.
   414 | D:1      | 414 ||| READING scroll labelled DURROX GACOUV.
   420 | D:1      | 420 ||| DROPPING scroll of butterflies.
   439 | D:2      | 439 ||| STAIRDANCE
   502 | D:2      | Reached XP level 3. HP: 16/18 MP: 4/4
   502 | D:2      | 502 ||| FLEEEEING.
   504 | D:2      | 504 ||| FLEEEEING.
   505 | D:2      | 505 ||| FLEEEEING.
   506 | D:2      | 506 ||| FLEEEEING.
   994 | D:2      | 994 ||| UPGRADING to ring of willpower.
  1067 | D:3      | Reached XP level 4. HP: 22/22 MP: 5/5
  1140 | D:3      | Found a faded altar of an unknown god.
  1186 | D:3      | HP: 5/22 [orc priest/divine providence (14)]
  1191 | D:3      | Killed from afar by an orc priest

Levels and vault maps discovered:
D:1:      hellmonk_arrival_library, layout_basic
D:2:      layout_loops_ring
D:3:      layout_rooms, ebering_ecumenical_altar_abandoned

Skill      XL: |  1  2  3  4 |
---------------+-------------+-----
Dodging        | 3 4 5 |  5.2
Ranged Weapons | 5 |  5.0
Fighting       | |  1.5
Stealth        | |  1.5

Action                     |  1- 3 |  4- 6 || total
---------------------------+-------+-------++-------
   Fire: Shortbow          |    91 |    34 ||   125
    Use: Scroll            |     2 |       ||     2
 Armour: Robe              |    17 |     2 ||    19
  Dodge: Dodged            |    28 |    12 ||    40

Table legend:
 A = Non-vault XP
 B = Vault XP
 C = Vault XP percentage of total XP
 D = Non-vault monster count
 E = Vault monster count
 F = Vault count percentage of total count
                 A         B        C        D         E       F
            +---------+---------+-------+---------+---------+-------
      Total |     160 |       0 |   0.0 |      53 |       0 |   0.0
            +---------+---------+-------+---------+---------+-------
        D:1 |      24 |       0 |   0.0 |      15 |       0 |   0.0
        D:2 |      60 |       0 |   0.0 |      22 |       0 |   0.0
        D:3 |      76 |       0 |   0.0 |      16 |       0 |   0.0
            +---------+---------+-------+---------+---------+-------
